 Dungeon Crawl Stone Soup version 0.17-a0-1046-ga09e34d (webtiles) character file.

148 tttt the Conjurer (level 5, -2/38 HPs)
             Began as a Draconian Wizard on May 15, 2015.
             Slain by an orc
             ... wielding a cursed -2 flail
              (7 damage)
             ... on level 3 of the Dungeon.
             The game lasted 00:07:49 (2977 turns).

tttt the Conjurer (Draconian Wizard)                Turns: 2977, Time: 00:07:49

Health: -2/38      AC:  5    Str: 10    XL:     5   Next: 8%
Magic:  0/9        EV: 12    Int: 19    God:
Gold:   67         SH:  0    Dex:  9    Spells: 4 memorised, 2 levels left

rFire  . . .     SeeInvis .     h - +1 dagger (flame)
rCold  . . .     Clarity  .     (armour unavailable)
rNeg   . . .     SustAb   .     (no shield)
rPois  .         Gourm    .     a - +0 hat
rElec  .         Spirit   .     (no cloak)
rCorr  .         Warding  .     (no gloves)
rMut   .         Stasis   .     (no boots)
MR     .....                    (no amulet)
Stlth  +.........               (no ring)
                                (no ring)

@: not resistant to hostile enchantments, very unstealthy
A: unfitting armour, cold-blooded, AC +5
a: no special abilities


You were on level 3 of the Dungeon.
You were not hungry.

You visited 1 branch of the dungeon, and saw 3 of its levels.

You collected 67 gold pieces.

Inventory:

Hand weapons
 g - a +0 dagger
 h - a +1 dagger of flaming (weapon)
Missiles
 e - 170 stones (quivered)
 s - 4 sling bullets
 v - a throwing net
Armour
 a - a +0 hat (worn)
Jewellery
 t - an uncursed ring of protection from magic {unknown}
Scrolls
 i - 2 scrolls of remove curse {unknown}
 j - a scroll of enchant weapon {unknown}
 l - a scroll of amnesia {unknown}
 n - a scroll of fog {unknown}
 p - a scroll of teleportation {unknown}
 q - a scroll of noise
 r - a scroll of blinking {unknown}
 u - a scroll of fear {unknown}
 x - a scroll of identify {unknown}
Potions
 d - a potion of magic {unknown}
 f - 2 potions of curing {unknown}
 k - a potion of degeneration {unknown}
Books
 b - a book of Minor Magic

   Spells                             Type                      Level
   a - Magic Dart                     Conjuration                  1
   b - Blink                          Translocation                2
   c - Call Imp                       Summoning                    2
   d - Repel Missiles                 Charms/Air                   2
   e - Slow                           Hexes                        2
   f - Conjure Flame                  Conjuration/Fire             3
   g - Mephitic Cloud                 Conjuration/Poison/Air       3
Comestibles
 c - 3 bread rations
 m - 2 meat rations
 o - a royal jelly
 w - 2 chunks of flesh


   Skills:
 - Level 1.7 Dodging
 - Level 1.7 Stealth
 - Level 3.0 Spellcasting
 + Level 5.0 Conjurations
 - Level 1.0 Summonings
 - Level 1.0 Translocations


You had 2 spell levels left.
You knew the following spells:

 Your Spells              Type           Power        Failure   Level  Hunger
a - Magic Dart            Conj           ###.         1%          1    None
b - Blink                 Tloc           N/A          17%         2    ##.....
c - Call Imp              Summ           #.......     17%         2    ##.....
d - Mephitic Cloud        Conj/Pois/Air  #.......     28%         3    ###....


Dungeon Overview and Level Annotations

Branches:
Dungeon (3/15)

Altars:


Innate Abilities, Weirdness & Mutations

Your plain brown scales are hard (AC +5).
Your body does not fit into most forms of armour.
You are cold-blooded and may be slowed by cold attacks.


Message History

The orc priest closely misses you. The orc barely misses you.
You hit the orc priest but do no damage.
The orc priest is almost dead.
The orc priest mumbles some strange prayers to Beogh against you.
Pain shoots through your body!
* * * LOW HITPOINT WARNING * * *
You are too injured to fight recklessly!
You are too injured to fight recklessly!
You are too injured to fight recklessly!
Casting: Magic Dart
Confirm with . or Enter, or press ? or * to list all spells.
Aiming: Magic Dart
Press: ? - help, Shift-Dir - straight line, f/p - orc priest
Aim: an orc priest, wielding a flail and wearing a leather armour (almost dead)
The magic dart hits the orc priest.
You kill the orc priest!
Your Conjurations skill increases to level 5!
You have reached level 5!
The orc hits you with a flail!
You die...

##### #...# #...# ########...#
#......)...# #.[...#
#####'######...# #.....+
#......# ##...####.....#+#####
#.)....####...@)..#............
#......##.....#o...............
#...)÷.##.#.###................
#####<###.#.# #..............o.
### #...# #..........!.o...
#.#.###..†.............
#......................
#.#.#''#.#....###.#.[..
#...#..#...##...#......


You could see an orc.

Vanquished Creatures
  An orc priest (D:3)
  Terence (D:2)
  An adder (D:2)
  A gnoll (D:1)
  An ooze (D:1)
  2 worms (D:2)
  4 giant geckos
  3 orcs (D:3)
  4 ball pythons
  4 bats
  6 goblins
  6 hobgoblins
  10 jackals
  2 giant cockroaches (D:2)
  A giant newt (D:2)
  5 kobolds
  A rat (D:2)
53 creatures vanquished.

Notes
Turn   | Place    | Note
--------------------------------------------------------------
     0 | D:1      | tttt the Draconian Wizard began the quest for the Orb.
     0 | D:1      | Reached XP level 1. HP: 14/14 MP: 4/4
   375 | D:1      | Reached XP level 2. HP: 15/20 MP: 3/6
  1064 | D:2      | Learned a level 2 spell: Blink
  1067 | D:2      | Learned a level 2 spell: Call Imp
  1168 | D:2      | Reached XP level 3. HP: 26/26 MP: 4/7
  1425 | D:2      | Noticed Terence
  1445 | D:1      | Learned a level 3 spell: Mephitic Cloud
  2055 | D:1      | Reached XP level 4. HP: 33/33 MP: 6/8
  2188 | D:2      | Reached skill level 4 in Conjurations
  2412 | D:2      | Killed Terence
  2977 | D:3      | Reached skill level 5 in Conjurations
  2977 | D:3      | Reached XP level 5. HP: 5/38 MP: 0/9
  2977 | D:3      | Slain by an orc

Vault maps used:
D:1:      minmay_arrival_stair_chambers
D:2:      first_bread, serial_bayou_pond_e, uniq_terence
D:3:      minmay_mini_jars

Action                   |  1- 3 |  4- 6 || total
-------------------------+-------+-------++-------
Melee: Dagger            |    55 |    62 ||   117
 Cast: Magic Dart        |    72 |    25 ||    97
       Mephitic Cloud    |       |     5 ||     5
  Use: Scroll            |     1 |       ||     1
 Stab: Confused          |       |     2 ||     2
  Eat: Chunk             |     3 |     4 ||     7
